 Dungeon Crawl Stone Soup version 0.31-a0-237-g2d982f9f85 (webtiles) character file.

Game seed: 11154947954186110613

263 qw the Shooter (level 5, -4/45 HPs)
             Began as a Minotaur Hexslinger on July 11, 2023.
             Succumbed to a gnoll's poison
             ... on level 3 of the Dungeon.
             The game lasted 00:00:58 (2048 turns).

qw the Shooter (Minotaur Hexslinger)                Turns: 2048, Time: 00:00:59

Health: -4/45      AC:  5    Str: 12    XL:     5   Next: 97%
Magic:  2/5        EV: 11    Int: 10    God:
Gold:   150        SH:  0    Dex: 15    Spells: 5/6 levels left

rFire   . . .        Y - +1 sling
rCold   . . .        (no shield)
rNeg    . . .        f - +0 ring mail
rPois   .            (helmet restricted)
rElec   .            (no cloak)
rCorr   .            (no gloves)
SInv    .            (no boots)
Will    .....        g - amulet of guardian spirit
Stlth   +            (no ring)
HPRegen 0.27/turn    (no ring)
MPRegen 0.09/turn

%: guardian spirit
@: lethally poisoned (-4 -> -31), about to teleport
A: horns 2, retaliatory headbutt
a: no special abilities


You were on level 3 of the Dungeon.
You visited 1 branch of the dungeon, and saw 3 of its levels.

You collected 150 gold pieces.


Innate Abilities, Weirdness & Mutations

You have a pair of horns on your head.
You reflexively headbutt those who attack you in melee.


   Skills:
 + Level 3.6 Fighting
 - Level 6.0 Ranged Weapons
 - Level 1.0 Armour
 - Level 2.1 Dodging
 - Level 1.0 Spellcasting
 - Level 2.0 Hexes


You had 5 spell levels left.
You knew the following spells:

 Your Spells              Type           Power      Damage    Failure   Level
a - Slow                  Hex            16%        N/A       34%         1

Your spell library contained the following spells:

 Spells                   Type           Power      Damage    Failure   Level
 Inner Flame              Hex/Fire       2%         N/A       83%         3
 Portal Projectile        Hex/Tloc       4%         N/A       83%         3
 Cause Fear               Hex            2%         N/A       98%         4

Inventory:

Hand Weapons
 Y - a +1 sling (weapon)
Armour
 f - a +0 ring mail (worn)
Jewellery
 g - an amulet of guardian spirit (around neck)
Scrolls
 b - a scroll of teleportation
 d - a scroll of identify
Potions
 a - a potion of ambrosia {unknown}
 c - a potion of heal wounds {unknown}
 e - a potion of brilliance {unknown}

Dungeon Overview and Level Annotations

Branches:
Dungeon (3/15)

Altars:
Uskayaw


Message History

The gnoll hits you with a +0 flail of venom.
You are poisoned.
The jackal bites you but does no damage.
You shoot a sling bullet. The sling bullet hits the worm.
The worm is severely wounded.
You feel very sick. The jackal barely misses you.
The jackal bites you but does no damage.
The jackal barely misses you.
The gnoll hits you with a +0 flail of venom.
You are more poisoned.
The worm bites you but does no damage. The jackal closely misses you.
You shoot a sling bullet. The sling bullet hits the worm.
The worm is severely wounded.
You feel very sick. The jackal misses you. The gnoll closely misses you.
An orc comes into view. It is wielding a +0 club.
The jackal bites you but does no damage.
The jackal closely misses you. The worm completely misses you.
You shoot a sling bullet. The sling bullet hits the worm.
The worm is almost dead.
You feel very sick. The jackal barely misses you.
The gnoll hits you with a +0 flail of venom.
You are more poisoned.
The jackal bites you. The jackal closely misses you.
The gnoll completely misses you.
2047 ||| READING 2 scrolls of teleportation.
As you read the scroll of teleportation, it crumbles to dust.
You feel strangely unstable.
You feel very sick.
The jackal bites you but does no damage.
The jackal misses you. You furiously retaliate!
You headbutt the jackal. The worm bites you but does no damage.
The jackal misses you. You furiously retaliate!
You headbutt the jackal. The gnoll hits you but does no damage.
You are more poisoned.
You shoot a sling bullet. The sling bullet hits the worm.
You kill the worm!
You die...

~....~ .... ....
..o#
####%.######
#.##...g....>..
......hgh...%..
#@%# #.#####..#
#........#
########.# #.#
#.##.# #.#
#.##.## ### #.#
#.##.##.##.###.#
#)##.##.#...##<#


You could see 2 gnolls, an orc and 2 jackals.

Vanquished Creatures
  A phantom (D:3)
  Jessica (D:2)
  9 adders
  2 worms
  3 dart slugs
  2 orcs (D:3)
  4 ball pythons
  9 bats
  3 endoplasms
  2 giant cockroaches
  5 goblins
  6 hobgoblins
  9 jackals
  2 quokkas
  4 kobolds
  5 rats
67 creatures vanquished.

Notes
Turn   | Place    | Note
-------+----------+-------------------------------------------
     0 | D:1      | qw the Minotaur Hexslinger began the quest for the Orb.
     0 | D:1      | Reached XP level 1. HP: 16/16 MP: 1/1
     0 | D:1      | 0 ||| qw: Version: 0.3-a-52-g30416fa
     0 | D:1      | 0 ||| qw: Game counter: 5469
     0 | D:1      | 0 ||| qw: Melee chars always use a shield: true
     0 | D:1      | 0 ||| qw: God list: Okawaru
     0 | D:1      | 0 ||| qw: Allow faded altars: false
     0 | D:1      | 0 ||| qw: Do Orc after clearing Dungeon:15 true
     0 | D:1      | 0 ||| qw: Do second Lair branch before Depths: true
     0 | D:1      | 0 ||| qw: Lair rune preference: random
     0 | D:1      | 0 ||| qw: Goals: Normal
     0 | D:1      | 0 ||| PLANNING D:1-11
   399 | D:1      | Reached skill level 3 in Ranged Weapons
   474 | D:1      | Reached XP level 2. HP: 21/23 MP: 2/2
   736 | D:1      | 736 ||| UPGRADING to +0 ring mail.
   746 | D:1      | 746 ||| DROPPING +0 robe.
   747 | D:1      | 747 ||| UPGRADING to amulet of guardian spirit.
   752 | D:1      | 752 ||| DROPPING ring of flight.
   753 | D:1      | 753 ||| READING scroll labelled PYOGUS UGGORO.
   754 | D:1      | 754 ||| READING scroll labelled AMAUMYMEGHI.
   755 | D:1      | 755 ||| READING scroll labelled OTINOE RIEP.
   756 | D:1      | 756 ||| READING scroll labelled GAUWNA IRCHEA.
   757 | D:1      | 757 ||| DRINKING 2 coppery potions.
   758 | D:1      | 758 ||| DROPPING scroll of poison.
   862 | D:2      | HP: 6/24 [adder (1)]
   865 | D:2      | 865 ||| DRINKING potion of curing.
   865 | D:2      | 865 ||| (to cure poison)
   928 | D:2      | Reached XP level 3. HP: 29/29 MP: 3/3
   991 | D:2      | Noticed Jessica
   994 | D:2      | Killed Jessica
   995 | D:2      | Reached skill level 4 in Ranged Weapons
  1010 | D:2      | Reached XP level 4. HP: 36/36 MP: 4/4
  1060 | D:2      | Reached skill level 1 in Armour
  1312 | D:2      | 1312 ||| Stepping ~*~*~tactically~*~*~ (outnumbered).
  1316 | D:2      | Reached skill level 5 in Ranged Weapons
  1318 | D:2      | 1318 ||| Stepping ~*~*~tactically~*~*~ (outnumbered).
  1481 | D:2      | 1481 ||| READING 3 scrolls labelled VIGEP PUEF.
  1486 | D:2      | 1486 ||| READING 2 scrolls labelled CUOWUKHUNA.
  1487 | D:2      | 1487 ||| DRINKING 3 smoky emerald potions.
  1488 | D:2      | 1488 ||| DROPPING 2 potions of attraction.
  1693 | D:3      | Reached skill level 3 in Fighting
  1694 | D:3      | Reached XP level 5. HP: 45/45 MP: 5/5
  1738 | D:3      | Noticed a phantom
  1761 | D:3      | Killed a phantom
  1762 | D:3      | Reached skill level 6 in Ranged Weapons
  1870 | D:3      | Found a hide-covered altar of Uskayaw.
  2046 | D:3      | HP: 9/45 [gnoll/+0 flail of venom (3)]
  2047 | D:3      | 2047 ||| READING 2 scrolls of teleportation.
  2047 | D:3      | HP: 3/45 [poisoned by a gnoll]
  2048 | D:3      | Succumbed to a gnoll's poison

Levels and vault maps discovered:
D:1:      giann_bridges, layout_loops_ring, minmay_hedge_maze
D:2:      layout_rooms, minmay_unequal, uniq_jessica
D:3:      lemuel_castle_with_subvaults [lemuel_castle_interior_carwin_1],
          layout_loops_ring, lemuel_round_altar, serial_shops,
          nicolae_shop_peninsula, minmay_goblin_kobold_house, uniq_ijyb,
          uniq_crazy_yiuf_cottage

Skill      XL: |  1  2  3  4  5 |
---------------+----------------+-----
Ranged Weapons | 3 4 5 6 |  6.0
Fighting       | 2 3 |  3.6
Armour         | 1 |  1.0
Dodging        | |  2.1
Spellcasting   | |  1.0
Hexes          | |  2.0

Action                     |  1- 3 |  4- 6 || total
---------------------------+-------+-------++-------
   Fire: Sling             |    71 |   175 ||   246
    Use: Scroll            |     4 |     3 ||     7
         Potion            |     2 |     1 ||     3
 Armour: Robe              |     2 |       ||     2
         Ring mail         |     9 |    52 ||    61
  Dodge: Dodged            |    25 |    90 ||   115

Table legend:
 A = Non-vault XP
 B = Vault XP
 C = Vault XP percentage of total XP
 D = Non-vault monster count
 E = Vault monster count
 F = Vault count percentage of total count
                 A         B        C        D         E       F
            +---------+---------+-------+---------+---------+-------
      Total |     319 |      62 |  16.3 |      59 |       8 |  11.9
            +---------+---------+-------+---------+---------+-------
        D:1 |      15 |       0 |   0.0 |       8 |       0 |   0.0
        D:2 |     100 |      52 |  34.2 |      31 |       3 |   8.8
        D:3 |     204 |      10 |   4.7 |      20 |       5 |  20.0
            +---------+---------+-------+---------+---------+-------
